Unix NetHack Version 5.0.0-0 post-release - last build Jun 10 2026 00:39:30 (3ee93aec679c4c4259841fe613dc97188e26a321,branch:main).

Game began 2026-06-18 16:56:10, ended 2026-06-18 17:04:58.

Ch3Begorrah, chaotic male human Rogue

                                                        -----
                                             -----      |...|          ------
                                             |...|      |....#         |....|
                                             |...-######....|#        #-....|
                                             |.[.|  ####|...|#        #|....|
                                             -.---      ....|#        #|....|
                                              #         |...|#      ###------
                                              #         -----#      #
                                              ##             #      #
                                               #             #      #
                                               #           ###      #
                                               #           #-----#### ----.--
                                               #           #....|#####......|
                                               #            |.>.-#    |..(..|
                                            0##@d####       |...|     |.....|
                                           ----+----.-      -----     -------
                                           |......<.)|
                                           +.......(.|
                                           -----------

Ch3Begorrah the Cutpurse  St:16 Dx:17 Co:12 In:12 Wi:11 Ch:8  Chaotic
Dlvl:3  $:24 HP:20(29) Pw:15(15) AC:4  Xp:4 T:1177 

Latest messages:
 The 2nd dagger hits the floating eye.
 You have no ammunition readied.
 What do you want to fire? [$p or ?*] <esc>
 Never mind.
 You find a hidden door.
 b - 6 +0 daggers (7 in total).
 You have no ammunition readied.
 What do you want to fire? [$bp or ?*] b
 You are wielding 7 daggers.  Ready 6 of them? [ynq] (q) q
 What do you want to ready? [$bp or ?*] b
 You are wielding 7 daggers.  Ready 6 of them? [ynq] (q) y
 I - 6 +0 daggers (at the ready).
 In what direction? n
 You throw 2 daggers.
 The 1st dagger hits the floating eye.
 You kill the floating eye!
 I - a +0 dagger (at the ready) (5 in total).
 J - a brown potion.
 I - a +0 dagger (at the ready) (6 in total).
 What do you want to drink? [djtuBDJ or ?*] J
 You feel more experienced.
 Welcome to experience level 4.
 You climb up the stairs.
 You remember this level as ORb chest.
 The hobbit wields an elven dagger!
 The hobbit thrusts his elven dagger.
 The hobbit hits!
 In what direction? n
 You throw 2 daggers.
 The 1st dagger hits the hobbit.
 The 2nd dagger hits the hobbit.
 You kill the hobbit!
 I - 2 +0 daggers (at the ready) (6 in total).
 K - an elven dagger.
 L - an elven dagger.
 What do you want to wield? [- bopIKL or ?*] L
 L - an elven dagger (weapon in right hand).
 What do you want to wield? [- bopIKL or ?*] K
 The elven dagger welds itself to your dominant right hand!
 You hit the green mold.
 You hit the green mold.
 You are splashed by the green mold's acid!
 You miss the green mold.
 You kill the green mold!
 What do you want to eat? [inry or ?*] r
 Blecch!  Rotten food!
 The world spins and goes dark.
 You are conscious again.
 Really quit without saving? [yn] (n) y
 Do you want your possessions identified? [ynq] (y) q

Inventory:
 Coins    ('$')
  $ - 24 gold pieces
 Weapons  (')')
  o - 10 +0 crossbow bolts
  b - a +0 dagger
  I - 6 +0 daggers (at the ready)
  L - a +0 elven dagger
  K - a cursed -1 elven dagger (weapon in right hand)
  p - a +0 elven spear
 Armor    ('[')
  l - an uncursed +0 orcish helm (being worn)
  z - an uncursed +0 pair of leather gloves (being worn)
  m - an uncursed +0 pair of water walking boots (being worn)
  c - an uncursed +1 leather armor (being worn)
 Comestibles  ('%')
  y - an uncursed candy bar labeled "Apollo"
  i - an uncursed fortune cookie
  r - an uncursed partly eaten pancake
  n - an uncursed lichen corpse
 Scrolls  ('?')
  C - an uncursed scroll of blank paper
  v - 2 blessed scrolls of identify named ok
  h - an uncursed scroll of light named ok
  x - an uncursed scroll of magic mapping
 Spellbooks  ('+')
  A - an uncursed spellbook of create monster
 Potions  ('!')
  D - an uncursed potion of blindness
  j - an uncursed potion of booze
  u - a blessed potion of healing
  B - an uncursed potion of healing
  d - an uncursed potion of sickness
  t - an uncursed potion of water
 Wands    ('/')
  E - a wand of lightning (0:6)
  q - a wand of make invisible (0:5)
 Tools    ('(')
  f - an empty uncursed sack
  e - an uncursed lock pick
 Gems/Stones  ('*')
  G - 2 uncursed fluorite stones
  H - an uncursed jasper stone
  F - an uncursed worthless piece of green glass
  k - an uncursed worthless piece of violet glass

Ch3Begorrah the Rogue's attributes:

Background:
 You were a Cutpurse, a level 4 male human Rogue.
 You were chaotic, nominally on a mission for Kos
 who was opposed by Issek (lawful) and Mog (neutral).
 You were right-handed.
 You were in the Dungeons of Doom, on level 3.
 You entered the dungeon 1177 turns ago.
 You had 91 experience points, 69 more were needed to attain level 5.

Basics:
 You had 20 out of 29 hit points.
 You had all 15 energy points (spell power).
 Your armor class was 4.
 Your wallet contained 24 zorkmids.
 Autopickup was on for '$!/(' plus thrown, with exceptions.

Final Characteristics:
 Your strength was 16 (limit:18/100).
 Your dexterity was 17 (limit:18).
 Your constitution was 12 (limit:18).
 Your intelligence was 12 (limit:18).
 Your wisdom was 11 (limit:18).
 Your charisma was 8 (limit:18).

Final Status:
 You weren't hungry.
 You were unencumbered.
 You were wielding a dagger.
 You had basic skill with dagger.

Final Attributes:
 You were devoutly aligned.
 You were stealthy.
 You could walk on water.
 You were warded.
 You survived.

Miscellaneous:
 You didn't encounter any bones levels.
 Total elapsed playing time was 8 minutes and 48 seconds.

Major events:
 Turn
    1: Ch3Begorrah the chaotic male human Rogue entered the dungeon
  622: attained the rank of Cutpurse (level 3)
 1177: quit

You didn't know any spells.

Skills:
 Fighting Skills
   bare handed combat [Unskilled]
   two weapon combat  [Unskilled]
   riding             [Unskilled]
 Weapon Skills
   dagger             [Basic]
   knife              [Unskilled]
   short sword        [Basic]
   broadsword         [Unskilled]
   long sword         [Unskilled]
   two-handed sword   [Unskilled]
   saber              [Unskilled]
   club               [Unskilled]
   mace               [Unskilled]
   morning star       [Unskilled]
   flail              [Unskilled]
   hammer             [Unskilled]
   polearms           [Unskilled]
   spear              [Unskilled]
   crossbow           [Unskilled]
   dart               [Unskilled]
   shuriken           [Unskilled]
 Spellcasting Skills
   divination spells  [Unskilled]
   escape spells      [Unskilled]
   matter spells      [Unskilled]

Voluntary challenges:
 Character rerolling was not enabled.
 You were vegetarian.
 You were an atheist.
 You never genocided any monsters.
 You never polymorphed an object.
 You never changed form.
 You used no wishes.
Achievement:
 You attained the rank of Cutpurse.

 The Dungeons of Doom: levels 1 to 4
    Level 1:
    Level 2:
       An altar.
    Level 3: "ORb chest" <- You were here.
    Level 4:


Vanquished creatures:
  a floating eye
  3 coyotes
  a hobbit
  a large kobold
  a green mold
  2 geckos
  6 jackals
  a fox
  4 goblins
  2 sewer rats
  a lichen
  a newt
24 creatures vanquished.

No species were genocided or became extinct.

Goodbye Ch3Begorrah the Rogue...

You quit in The Dungeons of Doom on dungeon level 3 with 496 points,
and 24 pieces of gold, after 1177 moves.
You were level 4 with a maximum of 29 hit points when you quit.

